 Dungeon Crawl Stone Soup version 0.29.1-12-g30fa7ad0bf (webtiles) character file.

Game seed: 5011582745869684149

255 kingofthe the Magician (level 5, -2/28 HPs)
             Began as a Deep Elf Venom Mage on Jan 16, 2023.
             Slain by a black bear (10 damage)
             ... on level 3 of the Dungeon.
             The game lasted 00:18:17 (4915 turns).

kingofthe the Magician (Deep Elf Venom Mage)        Turns: 4915, Time: 00:18:18

Health: -2/28      AC:  4    Str:  5    XL:     5   Next: 91%
Magic:  10/14      EV: 14    Int: 20    God:
Gold:   164        SH:  0    Dex: 17    Spells: 5/13 levels left

rFire   . . .      SeeInvis .   b - +0 spear
rCold   . . .      Faith    .   (no shield)
rNeg    . . .      Spirit   .   l - +0 robe
rPois   .          Reflect  .   s - +0 helmet
rElec   .          Harm     .   (no cloak)
rCorr   .          Rampage  .   j - +0 pair of gloves
Will    .....                   (no boots)
Stlth   +++.......              (no amulet)
HPRegen 0.09/turn               (no ring)
MPRegen 0.14/turn               (no ring)

@: no status effects
A: no striking features
a: no special abilities


You were on level 3 of the Dungeon.
You visited 1 branch of the dungeon, and saw 4 of its levels.

You collected 164 gold pieces.

Inventory:

Hand Weapons
 b - a +0 spear (weapon)
 c - a +0 dagger
 n - a +1 vorpal sling
Armour
 j - a +0 pair of gloves (worn)
 l - a +0 robe (worn)
 s - a +0 helmet (worn)
Magical Staves
 a - a staff of conjuration
Scrolls
 f - a scroll of magic mapping {unknown}
 i - 4 scrolls of identify {unknown}
 k - 2 scrolls of brand weapon {unknown}
 m - a scroll of amnesia {unknown}
 o - a scroll of butterflies {unknown}
 p - a scroll of blinking {unknown}
 u - a scroll of enchant weapon {unknown}
Potions
 d - a potion of brilliance {unknown}
 e - 2 potions of haste {unknown}
 g - a potion of heal wounds {unknown}
 h - a potion of berserk rage {unknown}
 q - a potion of flight {unknown}
 r - a potion of ambrosia {unknown}
 t - a potion of magic


   Skills:
 + Level 4.8 Dodging
 - Level 3.5 Stealth
 + Level 4.8 Spellcasting
 - Level 1.1 Transmutations
 * Level 1.2 Air Magic
 + Level 4.5 Poison Magic


You had 5 spell levels left.
You knew the following spells:

 Your Spells              Type           Power      Damage    Failure   Level
a - Sting                 Tmut/Pois      64%        1d6       3%          1
b - Poisonous Vapours     Pois/Air       32%        N/A       5%          2
c - Mephitic Cloud        Conj/Pois/Air  12%        N/A       16%         3
d - Static Discharge      Conj/Air       7%         3-4/arc   14%         2

Your spell library contained the following spells:

 Spells                   Type           Power      Damage    Failure   Level
 Olgreb's Toxic Radiance  Pois           22%        N/A       19%         4
 Lightning Bolt           Conj/Air       3%         1d15      94%         5
 Malign Gateway           Summ/Tloc      2%         N/A       100%        7
 Maxwell's Capacitive Co  Air            4%         ∞         100%        8
 Summon Horrible Things   Summ           2%         N/A       100%        8


Dungeon Overview and Level Annotations

Branches:
Dungeon (4/15)
 Temple: D:4-7

Altars:

Shops:
D:3 *   D:4 =


Message History

Aim: a black bear (lightly wounded, poisoned, 81% to hit)
The sting hits the black bear but does no damage.
The black bear looks even sicker.
The black bear is lightly wounded.
The black bear barely misses you. The black bear misses you. x2
Casting: Sting (safe; 3% risk of failure)
Confirm with . or Enter, or press ? or * to list all spells.
Aiming: Sting (safe; 3% risk of failure)
Press: ? - help, Shift-Dir - straight line, f/p - black bear
Aim: a black bear (lightly wounded, very poisoned, 81% to hit)
The sting hits the black bear.
The black bear looks even sicker.
The black bear is moderately wounded.
The black bear misses you. The black bear closely misses you.
The black bear claws you.
Casting: Sting (safe; 3% risk of failure)
Confirm with . or Enter, or press ? or * to list all spells.
Aiming: Sting (safe; 3% risk of failure)
Press: ? - help, Shift-Dir - straight line, f/p - black bear
Aim: a black bear (heavily wounded, very poisoned, 81% to hit)
The sting hits the black bear.
The black bear looks as sick as possible!
The black bear is heavily wounded.
The black bear bites you.
* * * LOW HITPOINT WARNING * * *
The black bear closely misses you. x2
The black bear goes berserk!
The black bear rages.
Casting: Sting (safe; 3% risk of failure)
Confirm with . or Enter, or press ? or * to list all spells.
Aiming: Sting (safe; 3% risk of failure)
Press: ? - help, Shift-Dir - straight line, f/p - black bear
Aim: a black bear (severely wounded, berserk, extremely poisoned, 81% to hit)
The sting hits the black bear but does no damage.
The black bear looks as sick as possible!
The black bear is severely wounded.
The black bear closely misses you.
The black bear claws you but does no damage.
The black bear closely misses you. The black bear bites you!
You die...

..# #.......♣♣♣♣♣~~~♣♣♣♣♣.......
..#########.###♣♣♣~~.♣#♣.........
.....#......# #.♣♣P~♣♣...##......
...#.#.###### #.#♣♣.♣♣♣..########
.#.#.#.# #.#♣..~♣....[.#####
.#.#.#.# #.#.#.####.........
.#.#.#.# #.#..........>...##
.#.#.#.# #.###.##########.#
.....#.# #.@h..# #.# ######.###
####### #.# .........# #.##
######.#.# #... .......#.# #.##
.........# #.# ########.# ### ###


You could see a black bear (berserk, extremely poisoned).

Vanquished Creatures
  A scorpion (D:3)
  2 orc priests (D:2)
  4 adders
  A shadow imp (D:3)
  2 worms
  4 dart slugs
  3 orcs (D:2)
  5 endoplasms
  5 giant cockroaches
  5 goblins
  11 hobgoblins
  6 kobolds
  3 quokkas
  9 ball pythons
  4 bats
  3 frilled lizards
  8 rats
76 creatures vanquished.

Vanquished Creatures (others)
  5 plants (D:3)
5 creatures vanquished.

Grand Total: 81 creatures vanquished

Notes
Turn   | Place    | Note
-------+----------+-------------------------------------------
     0 | D:1      | kingofthe the Deep Elf Venom Mage began the quest for the
                  | Orb.
     0 | D:1      | Reached XP level 1. HP: 10/10 MP: 6/6
   195 | D:1      | Reached XP level 2. HP: 15/15 MP: 0/8
   475 | D:1      | Learned a level 2 spell: Poisonous Vapours
   876 | D:1      | Found a faded altar of an unknown god.
  1038 | D:1      | Reached XP level 3. HP: 19/19 MP: 4/9
  1697 | D:2      | Reached XP level 4. HP: 24/24 MP: 2/12
  2341 | D:2      | Reached XP level 5. HP: 28/28 MP: 6/13
  2364 | D:2      | Learned a level 3 spell: Mephitic Cloud
  3459 | D:3      | Found Jalad's Assorted Antiques.
  3601 | D:3      | Reached skill level 1 in Air Magic
  3735 | D:3      | Learned a level 2 spell: Static Discharge
  4384 | D:4      | Noticed a black bear
  4481 | D:4      | Found Duofueto's Jewellery Shop.
  4594 | D:4      | Noticed a phantom
  4915 | D:3      | Slain by a black bear

Illustrated notes

Levels and vault maps discovered:
D:1:      amcnicky_arrival_choice, layout_rooms,
          hellmonk_ecumenical_altar_defaced_shrine
D:2:      minmay_chambers_of_twos, layout_loops_ring
D:3:      layout_basic, serial_shops, shop, serial_bayou_crossing
D:4:      layout_loops_cross, serial_shops, shop, kennysheep_path_1,
          minmay_diced_spiral

Skill      XL: |  1  2  3  4  5 |
---------------+----------------+-----
Stealth        | 3 |  3.5
Dodging        | 3 4 |  4.8
Spellcasting   | 4 |  4.8
Poison Magic   | 4 |  4.5
Air Magic      | 1 |  1.2
Transmutations | |  1.1

Action                   |  1- 3 |  4- 6 || total
-------------------------+-------+-------++-------
 Cast: Sting             |    74 |    79 ||   153
       Poisonous Vapours |     9 |    35 ||    44
       Static Discharge  |       |     2 ||     2
Armor: Robe              |     2 |     4 ||     6
Dodge: Dodged            |    14 |    29 ||    43
